 Dungeon Crawl Stone Soup version 0.16-a0-3724-gf14d081 (webtiles) character file.

118 SkaryMonk the Chopper (level 4, 0/37 HPs)
             Began as a Demigod Wanderer on Jan 21, 2015.
             Succumbed to poison (a potion of poison)
             ... on level 3 of the Dungeon.
             The game lasted 00:05:46 (1795 turns).

SkaryMonk the Chopper (Demigod Wanderer)            Turns: 1795, Time: 00:05:47

Health: 0/37       AC:  8    Str: 16      XL:     4   Next: 45%
Magic:  7/7        EV:  9    Int: 23      God:
Gold:   127        SH:  0    Dex: 13 (14) Spells: 0 memorised, 3 levels left

rFire  . . .     SeeInvis .     c - +1 hand axe
rCold  . . .     Clarity  .     a - +2 scale mail
rNeg   . . .     SustAb   +     (no shield)
rPois  .         Gourm    .     (no helmet)
rElec  .         Spirit   .     (no cloak)
rCorr  .         Warding  .     (no gloves)
rMut   .         Stasis   .     (no boots)
MR     .....                    (no amulet)
Stlth  ..........               (no ring)
                                (no ring)

@: brilliant, lethally poisoned, very slightly contaminated, hasted, very quick,
not resistant to hostile enchantments, extremely unstealthy
A: sustain abilities
a: no special abilities


You were on level 3 of the Dungeon.
You were not hungry.

You visited 1 branch of the dungeon, and saw 3 of its levels.

You collected 127 gold pieces.

Notes
Turn   | Place    | Note
--------------------------------------------------------------
     0 | D:1      | SkaryMonk, the Demigod Wanderer, began the quest for the Orb.
     0 | D:1      | SkaryMonk set off with: a +2 scale mail, a +0 falchion, a +0 hand axe, a bread ration
     0 | D:1      | Reached XP level 1. HP: 18/18 MP: 2/2
   188 | D:1      | Reached XP level 2. HP: 23/25 MP: 3/3
   439 | D:1      | Reached skill level 3 in Axes
   712 | D:2      | Noticed Robin
   716 | D:2      | Noticed Ijyb
   756 | D:2      | Reached XP level 3. HP: 25/30 MP: 5/5
   966 | D:1      | You fall through a shaft!
  1071 | D:2      | Killed Ijyb
  1078 | D:2      | Killed Robin
  1078 | D:2      | Reached skill level 4 in Axes
  1083 | D:2      | Reached XP level 4. HP: 30/37 MP: 7/7
  1795 | D:3      | Succumbed to poison (a potion of poison)

Inventory:

Hand weapons
 c - a +1 hand axe (weapon)
Armour
 a - a +2 scale mail (worn)
Scrolls
 i - 2 scrolls of teleportation
Potions
 b - a potion of lignification
 m - a potion of restore abilities {unknown}
Comestibles
 d - a bread ration
 f - 3 chunks of flesh
 h - 2 meat rations
 l - a beef jerky
 n - 3 fruits

Table legend:
 A = Turns spent in this place as a percentage of turns spent in the entire game.
 B = Non-inter-level travel turns spent in this place as a percentage of non-inter-level travel turns spent in the entire game.
 C = Inter-level travel turns spent in this place as a percentage of turns spent in this place.
 D = Turns resting spent in this place as a percentage of non-inter-level travel turns spent in this place.
 E = Turns spent auto-exploring this place as a percentage of non-inter-level travel turns spent in this place.
 F = Non-inter-level travel turns spent in this place divided by the number of levels of this place that you've seen.
                   A       B       C       D       E      F
               +-------+-------+-------+-------+-------+----------------------
         Total | 100.0 | 100.0 |   0.7 |   2.6 |   9.9 | 202.3
       Dungeon | 100.0 | 100.0 |   0.7 |   2.6 |   9.9 | 202.3
               +-------+-------+-------+-------+-------+----------------------


   Skills:
 - Level 2.6 Fighting
   Level 1.0 Long Blades
 + Level 4.5 Axes
 - Level 1.0 Throwing
 - Level 1.7 Armour
 - Level 1.0 Stealth


You had 3 spell levels left.
You didn't know any spells.

Dungeon Overview and Level Annotations

Branches:
Dungeon (3/15)


Innate Abilities, Weirdness & Mutations

Your attributes are resistant to harm.


Message History

* * * LOW HITPOINT WARNING * * *
Drink which item? (? for menu, Esc to quit)
It was a potion of haste.
You feel yourself speed up.
* * * LOW HITPOINT WARNING * * *
You feel sick. The adder barely misses you.
The orc hits you with a short sword.
* * * LOW HITPOINT WARNING * * *
You are very lightly contaminated with residual magic.
Unknown command.
Drink which item? (? for menu, Esc to quit)
It was a potion of poison.
That liquid tasted very nasty...
You are more poisoned.
* * * LOW HITPOINT WARNING * * *
You feel sick. The adder bites you.
* * * LOW HITPOINT WARNING * * *
Unknown command.
Drink which item? (? for menu, Esc to quit)
It was a potion of brilliance.
You feel clever all of a sudden.
You die...

#.. .... #.# #....
#.# #.#.# #.# #.#.#
#.# #.#.# #.# #$#>#
#.# #.#.#
###.#####.#$#
#<.<..@S....#
#.###.#o#........>#
#.# #.......)..###
#.# #.##.#.......(
#..>..##.##.##....
#.#.####.# .# .##
#.#. ... .# # #.#
#.# ## #)# .


You could see an adder and an orc.

Table legend:
 A = Kills in this place as a percentage of kills in entire the game.
 B = Kills by you in this place as a percentage of kills by you in the entire game.
 C = Kills by friends in this place as a percentage of kills by friends in the entire game.
 D = Other kills in this place as a percentage of other kills in the entire game.
 E = Experience gained in this place as a percentage of experience gained in the entire game.
 F = Experience gained in this place divided by the number of levels of this place that you have seen.
                   A       B       C       D       E      F
               +-------+-------+-------+-------+-------+----------------------
         Total | 100.0 | 100.0 |  -nan |  -nan | 100.0 |  56.3
       Dungeon | 100.0 | 100.0 |  -nan |  -nan | 100.0 |  56.3
               +-------+-------+-------+-------+-------+----------------------

Vanquished Creatures
  Ijyb (D:2)
  Robin (D:2)
  2 adders (D:2)
  2 worms
  3 giant cockroaches (D:1)
  7 hobgoblins
  6 jackals (D:1)
  A quokka (D:2)
  10 bats
  2 giant geckos (D:1)
  A giant newt (D:1)
  14 goblins
  3 kobolds
  6 rats
59 creatures vanquished.

Action                   |  1- 3 |  4- 6 || total
-------------------------+-------+-------++-------
Melee: Hand axe          |   163 |    77 ||   240
  Use: Scroll            |     4 |       ||     4
       Potion            |     1 |     4 ||     5
  Eat: Chunk             |     1 |     2 ||     3

Vault maps used:
D:1:      dpeg_arrival_stone_temple_mockup
D:2:      uniq_robin, uniq_iyjb
D:3:      uniq_crazy_yiuf_cottage, uniq_sigmund
